 Dungeon Crawl Stone Soup version 0.31.0-12-g77e489cdc1 (webtiles) character file.

Game seed: 12231303602245313638

71 hawla the Covered (level 4, -2/40 HPs)
             Began as a Minotaur Fighter on Feb 13, 2024.
             Slain by Crazy Yiuf
             ... wielding a +4 quarterstaff of chaos
              (22 damage)
             ... on level 2 of the Dungeon.
             The game lasted 00:02:36 (1547 turns).

hawla the Covered (Minotaur Fighter)                Turns: 1547, Time: 00:02:36

Health: -2/40      AC:  8    Str: 23    XL:     4   Next: 5%
Magic:  3/3        EV: 10    Int:  5    God:
Gold:   103        SH:  4    Dex:  9    Spells: 3/3 levels left

rFire   . . .        a - +0 flail
rCold   . . .        c - +0 buckler
rNeg    . . .        b - +0 scale mail
rPois   .            (helmet restricted)
rElec   .            (no cloak)
rCorr   .            h - +0 pair of gloves
SInv    .            (no boots)
Will    .....        (no amulet) Stlth
                     (no ring)
HPRegen 0.26/turn    (no ring)
MPRegen 0.08/turn

%: no passive effects
@: fragile (+50% incoming damage)
A: horns 2, retaliatory headbutt
a: no special abilities


You were on level 2 of the Dungeon.
You visited 1 branch of the dungeon, and saw 2 of its levels.

You collected 103 gold pieces.

Inventory:

Hand Weapons
 a - a +0 flail (weapon)
Missiles
 f - a throwing net (quivered)
Armour
 b - a +0 scale mail (worn)
 c - a +0 buckler (worn)
 h - a +0 pair of gloves (worn)
Jewellery
 l - a ring of protection from cold
Wands
 q - a wand of flame (22)
Scrolls
 g - a scroll of torment {unknown}
 i - a scroll of enchant armour {unknown}
 j - 2 scrolls of blinking {unknown}
 k - a scroll of fear {unknown}
 m - 4 scrolls of identify {unknown}
 p - a scroll of butterflies {unknown}
Potions
 d - a potion of might
 e - a potion of lignification {unknown}
 n - a potion of curing {unknown}
 o - a potion of mutation {unknown}


   Skills:
 - Level 4.0 Fighting
 - Level 2.4 Maces & Flails
 + Level 4.1 Armour
 - Level 3.0 Dodging
 + Level 4.1 Shields


You had 3 spell levels left.
You didn't know any spells.
Your spell library was empty.

Dungeon Overview and Level Annotations

Branches:
Dungeon (2/15)

Altars:

Annotations:
D:2 Crazy Yiuf


Innate Abilities, Weirdness & Mutations

You have a pair of horns on your head.
You reflexively headbutt those who attack you in melee.


Message History

Found a scroll labelled SAGAFI JILUPP.
The quokka twitches its whiskers.
The quokka moves out of view.
A quokka is nearby!
A quokka is nearby!
The quokka barely misses you.
You barely miss the quokka.
You headbutt the quokka, but do no damage.
The quokka bites you but does no damage.
The quokka barely misses you.
You barely miss the quokka. The quokka closely misses you.
The quokka bites you but does no damage.
You miss the quokka. The quokka barely misses you. You furiously retaliate!
You headbutt the quokka!
You kill the quokka!
No target in view!
m - 4 scrolls labelled SAGAFI JILUPP (gained 1)
You now have 103 gold pieces (gained 14).
Found a runed translucent door.
Crazy Yiuf shouts!
You see here a +0 ring mail.
Could not explore, unopened runed door.
You open the door. You hit Crazy Yiuf but do no damage.
Crazy Yiuf says, "Crazy?
Crazy!?
PORCUPINE!"
Crazy Yiuf hits you with a +4 quarterstaff of chaos.
Your body becomes as fragile as glass!
You hit Crazy Yiuf.
Crazy Yiuf is moderately wounded.
Crazy Yiuf hits you with a +4 quarterstaff of chaos!
Crazy Yiuf draws strength from your wounds!
You closely miss Crazy Yiuf. Your headbutt misses Crazy Yiuf.
Crazy Yiuf is lightly wounded.
Crazy Yiuf hits you with a +4 quarterstaff of chaos!
You hit Crazy Yiuf but do no damage. Your headbutt misses Crazy Yiuf.
Crazy Yiuf is lightly wounded.
Crazy Yiuf closely misses you.
Crazy Yiuf hits you with a +4 quarterstaff of chaos!
Ouch! That really hurt!
You die...

#...)...###....#
#.####.# #.
#####...# ##..##
#.####.# #. ##.##
♣..♣.♣ #......# #.
#.# ♣...♣♣ #.######
#. #.# ♣♣.♣♣ #.# ##
#.# ♣.♣♣ #.# #.#
♣♣.♣ #.# #.# ♣.♣♣
#.# ########.# ♣♣@♣
#.##########
#........# #g#
#...........
#.######## ...
#######.#### #.#
#...# #### #.#
#.######### #..)#
#..####.###
#.........# #####
#...#.....##
###########
#.....#.#... ###
##.........## ###
#.######......#.#...


You could see Crazy Yiuf.

Vanquished Creatures
  2 adders (D:2)
  4 dart slugs
  8 endoplasms
  2 giant cockroaches (D:2)
  3 goblins (D:1)
  2 hobgoblins (D:2)
  4 jackals (D:1)
  4 quokkas
  2 ball pythons
  2 bats (D:2)
  A frilled lizard (D:1)
  3 kobolds
  4 rats
41 creatures vanquished.

Notes
Turn   | Place    | Note
-------+----------+-------------------------------------------
     0 | D:1      | hawla the Minotaur Fighter began the quest for the Orb.
     0 | D:1      | Reached XP level 1. HP: 19/19 MP: 0/0
    38 | D:1      | Reached skill level 1 in Dodging
   107 | D:1      | Reached XP level 2. HP: 26/26 MP: 1/1
   853 | D:2      | Reached XP level 3. HP: 33/33 MP: 2/2
  1255 | D:2      | Reached XP level 4. HP: 33/40 MP: 3/3
  1380 | D:2      | Found a runed translucent door.
  1381 | D:2      | Noticed Crazy Yiuf
  1547 | D:2      | Slain by Crazy Yiuf

Illustrated notes

Levels and vault maps discovered:
D:1:      minmay_arrival_up_and_down, layout_loops_ring,
          chequers_serial_rivers_small_b
D:2:      layout_loops_ring, uniq_crazy_yiuf_cottage

Skill      XL: |  1  2  3 |
---------------+----------+-----
Dodging        | 1 3 |  3.0
Fighting       | 4 |  4.0
Armour         | 4 |  4.1
Shields        | 4 |  4.1
Maces & Flails | |  2.4

Action                     |  1- 3 |  4- 6 || total
---------------------------+-------+-------++-------
  Melee: Flail             |    82 |     8 ||    90
         Headbutt          |     7 |     1 ||     8
    Use: Scroll            |     1 |       ||     1
 Armour: Scale mail        |    56 |     8 ||    64
  Dodge: Dodged            |    48 |     6 ||    54
  Block: Buckler           |    23 |     1 ||    24
